Map: Pillars of Gold LE

Players

FlashGame

  • Race: Zerg Zerg
  • League: Silver
  • Spawn Location: 7:00

Throwfordays - Winner!

  • Race: Protoss Protoss
  • League: Silver
  • Spawn Location: 1:00

VOD

Have the link to the VOD?

Description

Time

  • Played on: July 17, 2020, 7:35 p.m.
  • Length: 13:56
Show
View Real Time Build Order
Export as new Build Order

FlashGame Zerg 

Build Orders: Pool First 

Get SALT Encoding   

  12  0:02  Drone  
  13  0:29  Spawning Pool  
  13  0:31  Overlord  
  12  0:36  Drone  
  13  1:01  Drone  
  14  1:06  Overlord  
  14  1:18  Zergling x2  
  14  1:19  Zergling x2  
  14  1:25  Zergling x2  
  17  1:45  Zergling x4  
  17  1:56  Zergling x2  
  18  2:09  Zergling x2  
  18  2:13  Queen  
  21  2:17  Zergling x2  
  22  2:31  Zergling x2  
  23  2:41  Zergling x2  
  21  2:54  Zergling x2  
  20  2:59  Extractor, Drone  
  20  3:32  Drone x2  
  22  3:37  Overlord x3  
  22  3:47  Roach Warren  
  21  3:51  Overlord  
  21  4:02  Hatchery  
  20  4:03  Drone  
  20  4:06  Drone  
  22  4:21  Drone x3  
  25  4:39  Queen  
  25  4:45  Drone x3  
  30  4:49  Drone  
  31  4:56  Drone  
  27  5:48  Drone x3  
  27  5:49  Drone x4  
  34  5:50  Overlord x2  
  34  5:51  Roach  
  36  6:00  Drone  
  37  6:04  Drone  
  38  6:21  Roach  
  38  6:22  Roach x4  
  38  6:23  Extractor  
  47  6:26  Extractor  
  46  6:36  Drone x3  
  49  6:40  Drone  
  49  6:41  Drone x2  
  52  6:48  Drone x2  
  52  6:49  Drone x2  
  56  6:56  Hatchery  
  56  6:57  Lair  
  55  7:05  Roach x3  
  61  7:16  Roach x4  
  61  7:17  Roach x2  
  61  7:22  Drone  
  74  7:38  Drone  
  74  7:41  Overlord x4  
  74  7:42  Overlord  
  75  7:57  Spire  
  74  8:00  Extractor, Glial Reconstitution  
  74  8:04  Queen  
  75  8:08  Queen  
  75  8:10  Roach  
  75  8:11  Roach x3  
  85  8:13  Drone x5  
  85  8:15  Drone  
  85  8:18  Drone  
  85  8:19  Drone  
  93  8:20  Drone  
  94  8:28  Drone  
  94  8:29  Drone x2  
  94  8:33  Metabolic Boost  
  97  8:38  Drone x2  
  97  8:39  Drone x2  
  95  9:03  Roach x8  
  95  9:04  Roach x3  
  117  9:14  Corruptor  
  119  9:22  Drone x2  
  119  9:24  Overlord x6  
  121  9:53  Roach  
  121  9:54  Roach x6  
  121  9:56  Extractor  
  121  9:57  Ravager x2  
  121  9:58  Ravager  
  121  9:59  Extractor  
  136  10:22  Drone x2  
  138  10:36  Ravager x5  
  138  10:39  Zergling x2  
  138  10:40  Zergling x30  
  159  10:51  Baneling Nest  
  159  10:56  Zergling x2  
  160  10:57  Zergling x8  
  163  11:17  Ravager x6, Hatchery  
  169  11:18  Zergling x2  
  169  11:20  Overlord x2  
  169  11:21  Overlord x4  
  169  11:46  Corruptor, Infestation Pit  
  168  11:47  Corruptor x2  
  168  11:49  Zergling x2  
  168  11:50  Zergling x24  
  187  11:56  Drone  
  187  11:58  Drone x2  
  187  11:59  Drone  
  191  12:09  Evolution Chamber  
  191  12:10  Evolution Chamber  
  191  12:11  Drone  
  191  12:12  Drone x7  
  191  12:13  Drone  
  177  12:23  Zergling x6  
  96  12:44  Zergling x6  
  96  12:45  Zergling x18  
  90  12:55  Zergling x14  
  93  13:06  Roach x8  
  93  13:12  Roach  
  101  13:17  Roach  
  101  13:18  Roach x2  
  99  13:24  Roach x2  
  99  13:25  Roach x3  
Show
View Real Time Build Order
Export as new Build Order

Throwfordays Protoss - Winner!

Build Orders:  

Get SALT Encoding   

  12  0:10  Pylon  
  12  0:13  Probe  
  13  0:29  Forge  
  13  0:34  Probe  
  14  0:44  Pylon  
  14  0:54  Probe  
  15  1:05  Photon Cannon  
  15  1:13  Photon Cannon  
  15  1:23  Pylon  
  14  1:53  Gateway  
  14  1:56  Pylon  
  14  2:01  Probe  
  14  2:02  Photon Cannon  
  15  2:09  Probe  
  15  2:15  Gateway  
  16  2:19  Probe  
  16  2:22  Photon Cannon  
  17  2:31  Photon Cannon  
  17  2:43  Photon Cannon  
  17  2:54  Photon Cannon  
  17  3:07  Assimilator  
  17  3:12  Cybernetics Core  
  17  3:14  Probe  
  18  3:22  Probe  
  18  3:23  Warp Gate  
  19  3:32  Probe  
  20  3:47  Nexus  
  20  3:57  Pylon  
  20  4:10  Assimilator  
  20  4:18  Probe  
  20  4:23  Assimilator, Protoss Ground Weapons Level 1  
  21  4:27  Assimilator  
  21  4:30  Probe  
  22  4:40  Pylon  
  22  4:42  Probe  
  23  4:55  Probe  
  24  5:02  Gateway  
  25  5:07  Probe  
  25  5:12  Adept x2  
  29  5:19  Probe  
  30  5:37  Probe  
  30  5:38  Probe  
  32  5:46  Probe  
  32  5:47  Pylon  
  33  5:50  Probe  
  33  5:54  Probe  
  34  6:02  Twilight Council, Probe  
  34  6:03  Probe  
  36  6:07  Forge  
  37  6:15  Stalker, Probe  
  40  6:25  Stalker  
  40  6:26  Protoss Ground Armor Level 1  
  40  6:27  Probe  
  40  6:30  Probe  
  44  6:34  Charge  
  44  6:39  Probe  
  45  6:42  Probe  
  46  6:50  Protoss Ground Weapons Level 2  
  46  6:51  Probe  
  47  6:54  Probe  
  47  6:57  Stalker  
  50  7:02  Stalker  
  50  7:06  Probe  
  53  7:09  Probe  
  54  7:23  Pylon  
  54  7:37  Nexus  
  54  7:39  Pylon  
  54  7:41  Probe  
  55  7:44  Zealot x2  
  55  7:47  Zealot  
  61  7:56  Pylon  
  61  7:59  Probe  
  61  8:00  Probe  
  63  8:11  Probe  
  65  8:12  Probe  
  65  8:16  Zealot x3  
  71  8:23  Probe  
  71  8:24  Gateway  
  71  8:25  Probe  
  73  8:28  Gateway  
  73  8:32  Templar Archives  
  73  8:40  Robotics Facility  
  73  8:46  Stalker x2  
  71  8:58  Stalker  
  71  9:00  Protoss Ground Armor Level 2  
  73  9:06  Robotics Facility  
  73  9:08  Robotics Facility  
  73  9:15  Probe  
  73  9:16  Probe  
  75  9:18  Probe  
  75  9:20  Assimilator  
  76  9:25  Assimilator  
  76  9:27  Stalker x2, Probe  
  76  9:28  Probe  
  76  9:30  Stalker, Probe  
  85  9:34  Stalker  
  87  9:39  Stalker  
  87  9:44  Blink  
  89  10:09  Immortal  
  89  10:14  Pylon  
  93  10:15  Pylon  
  93  10:17  Pylon  
  93  10:20  Pylon  
  93  10:21  Psionic Storm  
  93  10:23  Immortal  
  93  10:24  Immortal  
  93  10:25  Pylon  
  93  10:32  Probe  
  93  10:34  Protoss Ground Weapons Level 3  
  102  10:39  Probe, Immortal  
  103  10:44  Probe  
  108  10:56  Probe  
  109  11:00  Pylon  
  109  11:01  Pylon, Immortal  
  109  11:02  Warp Prism  
  115  11:07  Stalker x2  
  115  11:10  Stalker  
  121  11:13  Stalker  
  121  11:17  Stalker  
  125  11:49  Observer x3  
  128  11:58  Stalker x4  
  128  11:59  Stalker  
  138  12:10  Nexus  
  138  12:12  Pylon  
  112  13:19  High Templar  
  114  13:20  High Templar x4  
Tags
 
Add a new tag
Caveats
  • Supply blocks, unpowered buildings, or Contaminate may cause inaccurate times.
  • Supply counts are checked every 10 seconds.